 Dungeon Crawl Stone Soup version 0.20.1-1-g8b1a95d (webtiles) character file.

23 namelastname112 the Ducker (level 2, 0/14 HPs)
             Began as a Felid Chaos Knight on July 19, 2017.
             Shot with a stone by a goblin (2 damage)
             ... on level 2 of the Dungeon.
             The game lasted 00:01:06 (1314 turns).

namelastname112 the Ducker (Felid Chaos Knight)     Turns: 1314, Time: 00:01:07

Health: 0/14       AC:  1    Str:  8    XL:     2   Next: 75%
Magic:  3/3        EV: 18    Int: 13    God:    Xom [..*...]
Gold:   20         SH:  0    Dex: 15    Spells: 1/1 levels left
                                        Lives:  0   Deaths: 0

rFire    . . .     SeeInvis +     - Unarmed
rCold    . . .     Gourm    .   (shield unavailable)
rNeg     . . .     Faith    .   (armour unavailable)
rPois    .         Spirit   .   (helmet unavailable)
rElec    .         Reflect  .   (cloak unavailable)
rCorr    .         Harm     .   (gloves unavailable)
MR       .....                  (boots unavailable)
Stlth    ++........             (no amulet)
Regen    0.1/turn               (no ring)
MPRegen  0.1/turn               (no ring)

@: quick
A: no armour, no weapons or thrown items, stealth, claws 1, fangs 3, see
invisible, carnivore 3, speed 1, shaggy fur 1, slow metabolism 1, MP-powered
wands, sharp paws
a: Renounce Religion


You were on level 2 of the Dungeon.
You worshipped Xom.
You were a toy of Xom.
You were completely stuffed.

You visited 1 branch of the dungeon, and saw 2 of its levels.

You collected 20 gold pieces.

Inventory:

Scrolls
 b - a scroll of identify {unknown}
 c - a scroll of enchant armour {unknown}
Comestibles
 a - a meat ration
 d - a chunk of flesh


   Skills:
 + Level 3.1 Fighting
 + Level 3.4 Dodging
 + Level 2.0 Stealth
 * Level 3.4 Unarmed Combat


You had one spell level left.
You didn't know any spells.

Dungeon Overview and Level Annotations

Branches:
Dungeon (2/15)

Altars:


Innate Abilities, Weirdness & Mutations

You cannot wear armour.
You are incapable of wielding weapons or throwing items.
Your paws allow you to move quietly. (Stealth)
You have sharp claws.
You have razor-sharp teeth.
You have supernaturally acute eyesight. (SInv)
You are carnivorous and can eat meat at any time.
You cover ground quickly.
You are covered in fur. (AC +1)
You have a slow metabolism.
Your sharp claws are effective at attacking unaware monsters.
You expend magic power (3 MP) to strengthen your wands.


Message History

You kill the jackal!
The goblin shoots a stone.
The stone hits you.
You are too injured to fight recklessly!
You are too injured to fight recklessly!
You are too injured to fight recklessly!
You see here a stone.
The goblin unwields an uncursed hunting sling.
The goblin hits you.
* * * LOW HITPOINT WARNING * * *
A jackal comes into view.
You closely miss the goblin.
The jackal barks!
The goblin barely misses you.
You closely miss the goblin. The goblin hits you.
* * * LOW HITPOINT WARNING * * *
The goblin wields an uncursed hunting sling.
The goblin shoots a stone.
The stone misses you.
You see here a stone.
The goblin shoots a stone.
The stone hits you.
You die...

##### #### #######
#%.. ..#
......$##.######.#
#.(......@§§##########
#..##...###.§h........
#..##.......g(#†....#
#..##.....)...<†....#
#......#.##.##.....<#
..#...........####(.#
##g##........#.# .# #.
###...####... #...#
####.


You could see a jackal and a goblin.

Vanquished Creatures
  A worm (D:1)
  A giant cockroach (D:1)
  5 jackals
  4 kobolds
  2 bats (D:1)
  A frilled lizard (D:1)
  4 goblins
  A rat (D:1)
19 creatures vanquished.

Notes
Turn   | Place    | Note
-------+----------+-------------------------------------------
     0 | D:1      | namelastname112 the Felid Chaos Knight began the quest for the Orb.
     0 | D:1      | Reached XP level 1. HP: 10/10 MP: 2/2
    58 | D:1      | Reached skill level 1 in Stealth
   363 | D:1      | XOM: harmless Summ miscast
   410 | D:1      | Reached XP level 2. HP: 8/14 MP: 3/3
   726 | D:1      | XOM: give mutations
   726 | D:1      | Gained mutation: You expend magic power (3 MP) to strengthen your wands. [Xom's mischief]
  1206 | D:2      | XOM: destruction
  1303 | D:1      | XOM: cloud trail
  1314 | D:2      | Shot with a stone by a goblin

Skill      XL: |  1  2 |
---------------+-------+-----
Stealth        | 1 2 |  2.0
Fighting       | |  3.1
Dodging        | |  3.4
Unarmed Combat | |  3.4

Action                   || total
-------------------------++-------
Melee: Unarmed           ||    52
       Bite              ||     2
       Punch             ||     1
 Stab: Sleeping          ||     3
  Eat: Chunk             ||     8
Armor: Skin              ||     2
Dodge: Dodged            ||    37
